 Dungeon Crawl Stone Soup version 0.31-a0-188-g5e087ee2ca (webtiles) character file.

Game seed: 8940259441664660340

118 qw the Skirmisher (level 4, -3/25 HPs)
             Began as a Deep Elf Hunter on June 22, 2023.
             Slain by a hobgoblin (5 damage)
             ... led by Robin
             ... on level 3 of the Dungeon.
             The game lasted 00:00:42 (1658 turns).

qw the Skirmisher (Deep Elf Hunter)                 Turns: 1658, Time: 00:00:43

Health: -3/25      AC:  8    Str: 10    XL:     4   Next: 72%
Magic:  6/6        EV: 11    Int: 14    God:
Gold:   101        SH:  0    Dex: 18    Spells: 3/3 levels left

rFire   . . .        Y - +0 shortbow (freeze)
rCold   . . .        (shield currently unavailable)
rNeg    . . .        d - +0 ring mail
rPois   .            c - +0 helmet
rElec   .            (no cloak)
rCorr   .            (no gloves)
SInv    +            k - +1 pair of boots
Will    .....        (no amulet)
Stlth   +            e - ring of see invisible
HPRegen 0.24/turn    (no ring)
MPRegen 0.10/turn

%: no passive effects
@: about to teleport
A: no striking features
a: no special abilities


You were on level 3 of the Dungeon.
You visited 1 branch of the dungeon, and saw 3 of its levels.

You collected 130 gold pieces.
You spent 29 gold pieces at shops.


   Skills:
 - Level 1.5 Fighting
 + Level 8.1 Ranged Weapons
 - Level 2.4 Dodging
 - Level 1.2 Stealth


You had 3 spell levels left.
You didn't know any spells.
Your spell library was empty.

Inventory:

Hand Weapons
 Y - a +0 shortbow of freezing (weapon)
Armour
 a - a +0 pair of gloves
 c - a +0 helmet (worn)
 d - a +0 ring mail (worn)
 k - a +1 pair of boots (worn)
Jewellery
 e - a ring of see invisible (left hand)
 l - a +6 ring of strength
Scrolls
 b - a scroll of identify
 m - a scroll of enchant weapon {unknown}
Potions
 f - a potion of berserk rage {unknown}
 g - a potion of lignification {unknown}
 i - 3 potions of heal wounds
 j - a potion of curing

Dungeon Overview and Level Annotations

Branches:
Dungeon (3/15)

Altars:

Shops:
D:1 *

Annotations:
D:3 Robin


Message History

Robin hits you with a +0 mace.
A goblin comes into view. It is wielding a +0 club.
The goblin hits you with a +0 club.
You shoot an arrow. The goblin shouts!
The arrow hits Robin.
The arrow freezes Robin.
Robin is severely wounded.
Robin barely misses you. The hobgoblin hits you.
The goblin hits you but does no damage. x2; Robin hits you but does no damage.
The hobgoblin closely misses you.
You shoot an arrow. The arrow hits Robin.
The arrow freezes Robin.
Robin is almost dead.
The hobgoblin hits you.
Robin roars a battlecry!
The goblins go into a battle-frenzy!
A giant cockroach comes into view.
The goblin hits you with a +0 club.
You shoot an arrow. The arrow hits Robin.
The arrow freezes Robin.
Robin is almost dead.
The hobgoblin hits you. The goblin closely misses you.
Robin's bangles clink loudly.
Robin throws the goblin at you! The hobgoblin closely misses you.
You shoot an arrow. The arrow closely misses Robin.
The hobgoblin hits you but does no damage.
Robin hits you with a +0 mace. The goblin hits you with a +0 club.
The goblin hits you but does no damage.
You shoot an arrow. The arrow barely misses Robin.
The arrow hits the giant cockroach.
The arrow freezes the giant cockroach.
You kill the giant cockroach!
The hobgoblin barely misses you. Robin barely misses you.
The goblin barely misses you. The hobgoblin barely misses you.
The hobgoblin closely misses you. The goblin hits you with a +0 club.
1658 ||| READING scroll of teleportation.
As you read the scroll of teleportation, it crumbles to dust.
You feel strangely unstable.
The hobgoblin hits you but does no damage.
Robin hits you with a +0 mace. The goblin hits you but does no damage.
The hobgoblin closely misses you. The goblin hits you but does no damage.
The hobgoblin hits you.
You die...

#.......
.........#####..
....)).. +..
....... #####..
...)... +.#....
###....... #......
#.g......##.#...##.
#ggg........#..(.#.
#.@g........#.#..#.
##gg........#.)..#%
#..........####...
#.................
#................#
#.........)..###.#
#.....%...#### ###
#...........#
##.....#..##.# #


You could see Robin, 3 hobgoblins and 3 goblins.

Vanquished Creatures
  Natasha (twice) (D:2)
  An adder (D:2)
  A worm (D:2)
  A dart slug (D:2)
  An orc (D:3)
  2 endoplasms (D:2)
  2 giant cockroaches (D:3)
  8 goblins
  4 hobgoblins
  4 jackals (D:1)
  4 quokkas
  4 ball pythons (D:2)
  5 bats
  4 frilled lizards
  5 kobolds
  3 rats
51 creatures vanquished.

Notes
Turn   | Place    | Note
-------+----------+-------------------------------------------
     0 | D:1      | qw the Deep Elf Hunter began the quest for the Orb.
     0 | D:1      | Reached XP level 1. HP: 12/12 MP: 3/3
     0 | D:1      | 0 ||| qw: Version: 0.3-a-9-g12657ce
     0 | D:1      | 0 ||| qw: Game counter: 2834
     0 | D:1      | 0 ||| qw: Always use a shield: true
     0 | D:1      | 0 ||| qw: God list: Okawaru
     0 | D:1      | 0 ||| qw: Allow faded altars: false
     0 | D:1      | 0 ||| qw: Do Orc after D:15 true
     0 | D:1      | 0 ||| qw: Do second Lair branch before Depths: true
     0 | D:1      | 0 ||| qw: Lair rune preference: random
     0 | D:1      | 0 ||| qw: Plans: Normal
     0 | D:1      | 0 ||| PLANNING D:1-11
    94 | D:1      | Reached skill level 6 in Ranged Weapons
    94 | D:1      | Reached XP level 2. HP: 6/16 MP: 4/4
   339 | D:1      | Found Jiysotoo's Assorted Antiques.
   348 | D:1      | 348 ||| BUYING scroll labelled MUINOUV MENLATZIO (29 gold).
   348 | D:1      | Bought a scroll labelled MUINOUV MENLATZIO for 29 gold
                  | pieces
   636 | D:1      | 636 ||| UPGRADING to +0 ring mail.
   646 | D:1      | 646 ||| DROPPING +0 leather armour.
   647 | D:1      | 647 ||| UPGRADING to +0 pair of boots.
   652 | D:1      | 652 ||| UPGRADING to ring of see invisible.
   653 | D:1      | 653 ||| READING scroll labelled AZXUICV ZAOMPI.
   654 | D:1      | 654 ||| READING scroll labelled MUINOUV MENLATZIO.
   655 | D:1      | 655 ||| READING scroll labelled JOGAURH XYCECKEE.
   656 | D:1      | 656 ||| DROPPING scroll of butterflies.
   699 | D:2      | HP: 4/16 [worm (7)]
   916 | D:2      | Reached XP level 3. HP: 20/20 MP: 5/5
   939 | D:2      | Identified the +9 war axe "Kynkepto" {spect, rPois rN+
                  | rCorr}
  1014 | D:2      | 1014 ||| READING scroll of enchant armour.
  1014 | D:2      | 1014 ||| ENCHANTING +0 pair of boots.
  1089 | D:2      | Noticed Natasha
  1101 | D:2      | Killed Natasha
  1102 | D:2      | Reached skill level 7 in Ranged Weapons
  1207 | D:2      | Reached XP level 4. HP: 22/25 MP: 6/6
  1354 | D:2      | 1354 ||| UPGRADING to +0 helmet.
  1359 | D:2      | 1359 ||| READING scroll labelled DUWEGAXZUN.
  1360 | D:2      | Noticed Natasha
  1365 | D:2      | Killed Natasha
  1466 | D:2      | 1466 ||| READING scroll labelled RIYNIDUFOM.
  1469 | D:2      | 1469 ||| READING 2 scrolls labelled GAUVVAONULA.
  1470 | D:2      | 1470 ||| READING scroll of brand weapon.
  1470 | D:2      | 1470 ||| BRANDING +0 shortbow of draining.
  1471 | D:2      | 1471 ||| DRINKING 4 lumpy puce potions.
  1568 | D:3      | Reached skill level 8 in Ranged Weapons
  1574 | D:3      | Identified the +7 hand axe of the Swamp {drain, Contam
                  | rCorr Str+3}
  1642 | D:3      | Noticed Robin
  1657 | D:3      | HP: 3/25 [goblin/+0 club[Robin] (5)]
  1658 | D:3      | 1658 ||| READING scroll of teleportation.
  1658 | D:3      | Slain by a hobgoblin

Levels and vault maps discovered:
D:1:      pf_arrival_petrified_forest, layout_rooms, serial_shops, shop,
          nrook_mini_vaults, hangedman_decor_push
D:2:      layout_rooms, minmay_quadrilaterals, uniq_natasha
D:3:      layout_basic, grunt_temple_overflow_order_and_chaos_2,
          chequers_ecumenical_altar_twisty, uniq_robin, uniq_jessica

Skill      XL: |  1  2  3  4 |
---------------+-------------+-----
Ranged Weapons | 6 7 8 |  8.1
Fighting       | |  1.5
Dodging        | |  2.4
Stealth        | |  1.2

Action                     |  1- 3 |  4- 6 || total
---------------------------+-------+-------++-------
   Fire: Shortbow          |   123 |    45 ||   168
    Use: Scroll            |     4 |     5 ||     9
         Potion            |       |     1 ||     1
 Armour: Leather armour    |     6 |       ||     6
         Ring mail         |    18 |    14 ||    32
  Dodge: Dodged            |    36 |    16 ||    52

Table legend:
 A = Non-vault XP
 B = Vault XP
 C = Vault XP percentage of total XP
 D = Non-vault monster count
 E = Vault monster count
 F = Vault count percentage of total count
                 A         B        C        D         E       F
            +---------+---------+-------+---------+---------+-------
      Total |     115 |      54 |  32.0 |      40 |      11 |  21.6
            +---------+---------+-------+---------+---------+-------
        D:1 |      27 |       0 |   0.0 |      18 |       0 |   0.0
        D:2 |      78 |      44 |  36.1 |      17 |       6 |  26.1
        D:3 |      10 |      10 |  50.0 |       5 |       5 |  50.0
            +---------+---------+-------+---------+---------+-------
